 Dungeon Crawl Stone Soup version 0.30-a0-800-g7c544603b3 (webtiles) character file.

Game seed: 6971504222714354970

13538 Popcorn the Fighter (level 12, -2/98 HPs)
             Began as a Formicid Fighter on Feb 21, 2023.
             Was a Believer of Makhleb.
             Slain by a wyvern (4 damage)
             ... on level 2 of the Lair of Beasts.
             The game lasted 00:54:04 (14131 turns).

Popcorn the Fighter (Formicid Fighter)             Turns: 14131, Time: 00:54:05

Health: -2/98      AC: 15    Str: 27    XL:     12   Next: 33%
Magic:  17/17      EV:  9    Int:  8    God:    Makhleb [**....]
Gold:   705        SH: 13    Dex: 17    Spells: 11/11 levels left

rFire   . . .      SeeInvis +    w - +0 battleaxe (freeze)
rCold   + . .      Faith    +    b - +1 kite shield
rNeg    . . .      Spirit   .    p - +5 ring mail "Lilepas" {rPois Str+5 Slay+3}
rPois   +          Reflect  .    (helmet unavailable)
rElec   .          Harm     .    v - +0 cloak {Will+}
rCorr   .          Rampage  .    o - +0 pair of gloves
Will    ++...                    g - +0 pair of boots
Stlth   +                        B - amulet of faith
HPRegen 0.36/turn                k - ring of protection from cold
MPRegen 0.15/turn                (no ring)

@: invisible
A: permanent stasis, dig shafts and tunnels, antennae 3, four strong arms
a: Dig, Shaft Self, Renounce Religion, Minor Destruction


You were on level 2 of the Lair of Beasts.
You worshipped Makhleb.
Makhleb was pleased with you.
You visited 3 branches of the dungeon, and saw 13 of its levels.
You also visited: Ossuary.

You collected 790 gold pieces.
You spent 85 gold pieces at shops.

Inventory:

Hand Weapons
 w - a +0 battleaxe of freezing (weapon)
Armour
 b - a +1 kite shield (worn)
 g - a +0 pair of boots (worn)
 o - a +0 pair of gloves (worn)
 p - the +5 ring mail "Lilepas" (worn) {rPois Str+5 Slay+3}
   (You found it on level 5 of the Dungeon)

   Str:       It affects your strength (+5).
   Slay:      It affects your accuracy & damage with ranged weapons and melee
   (+3).
   rPois:     It protects you from poison.
 v - a +0 cloak of willpower (worn)
Jewellery
 a - a +6 ring of dexterity
 k - a ring of protection from cold (left hand)
 t - a +6 ring of dexterity
 x - a ring of protection from fire
 B - an amulet of faith (around neck)
Wands
 r - a wand of paralysis (4)
 A - a wand of acid (6) (quivered)
Scrolls
 j - 3 scrolls of magic mapping
 s - a scroll of vulnerability
 u - a scroll of identify
 y - a scroll of summoning {unknown}
Potions
 d - 4 potions of might
 e - 16 potions of curing
 f - 2 potions of flight
 h - 2 potions of invisibility
 l - 2 potions of brilliance
 m - 3 potions of attraction
 n - a potion of resistance
 q - 3 potions of magic
Miscellaneous
 c - a tin of tremorstones (2/2)


   Skills:
 + Level 10.5 Fighting
 - Level 8.0 Long Blades
 * Level 9.5 Axes
 - Level 8.3 Armour
 + Level 9.7 Shields
 + Level 7.7 Invocations


You had 11 spell levels left.
You didn't know any spells.
Your spell library contained the following spells:

 Spells                   Type           Power      Damage    Failure   Level
 Magic Dart               Conj           0%         1d3       75%         1
 Searing Ray              Conj           0%         2d4       86%         2
 Gell's Gravitas          Tloc           0%         N/A       98%         3
 Inner Flame              Hex/Fire       0%         N/A       98%         3
 Kindle Blastsparks       Fire/Tloc/Air  0%         2d10      98%         3
 Teleport Other           Tloc           0%         N/A       98%         3
 Cause Fear               Hex            0%         N/A       100%        4
 Fulminant Prism          Conj/Hex       0%         3d5       100%        4
 Iskenderun's Mystic Bla  Conj/Tloc      0%         2d3       100%        4
 Summon Lightning Spire   Summ/Air       0%         N/A       100%        4
 Lee's Rapid Deconstruct  Erth           0%         3d4*      100%        5
 Dispersal                Tloc           0%         N/A       100%        6
 Storm Form               Tmut/Air       0%         N/A       100%        7
 Discord                  Hex            0%         N/A       100%        8
 Maxwell's Capacitive Co  Air            0%         ∞         100%        8


Dungeon Overview and Level Annotations

Branches:
Dungeon (10/15)            Temple (1/1) D:7            Lair (2/5) D:9
Ossuary (visited)
  Swamp: Lair:2-3    Shoals: Lair:2-3     Snake: Lair:2-3    Spider: Lair:2-3
    Orc: D:9-12

Altars:
Ashenzari
Cheibriados
Dithmenos
Elyvilon
Fedhas
Gozag
Hepliaklqana
Kikubaaqudgha
Makhleb
Nemelex Xobeh
Okawaru
Qazlal
Ru
Sif Muna
Trog
Uskayaw
Vehumet
Wu Jian
Xom
Yredelemnul
Zin

Shops:
D:5 [

Annotations:
D:2 Crazy Yiuf
D:8 2 transporters, foxglove's ghost, novice DsNe
D:9 2 transporters
D:10 Fannar


Innate Abilities, Weirdness & Mutations

You cannot be hasted, slowed, berserked, paralysed or teleported.
You can dig through walls and to a lower floor.
You have a pair of large antennae on your head. (SInv)
Your four strong arms can wield two-handed weapons with a shield.


Message History

Unknown command.
You fade into invisibility!
You block the wyvern's attack.
The cane toad stings you but does no damage.
The wyvern closely misses you.
You are confused.
You feel invigorated. The cane toad barely misses you.
The wyvern closely misses you.
You bump into the rock wall.
The wyvern bites you but does no damage.
The cane toad closely misses you.
The wyvern bites you but does no damage.
The cane toad stings you!
* * * LOW HITPOINT WARNING * * *
Okay, then.
The wyvern bites you.
* * * LOW HITPOINT WARNING * * *
You see here a potion of invisibility.
The wyvern bites you!
* * * LOW HITPOINT WARNING * * *
You're too confused to move!
You feel less invigorated.
You feel less confused. You block the wyvern's attack.
The cane toad barely misses you.
You slash the cane toad!
The cane toad seems to slow down.
You freeze the cane toad.
The cane toad is moderately wounded.
You closely miss the wyvern. You block the wyvern's attack.
The wyvern bites you but does no damage.
The cane toad stings you!
* * * LOW HITPOINT WARNING * * *
You slice the cane toad!! You freeze the cane toad.
You kill the cane toad!
Makhleb accepts your kill.
You closely miss the wyvern. The wyvern bites you.
* * * LOW HITPOINT WARNING * * *
The wyvern bites you but does no damage.
You hit the wyvern. You freeze the wyvern.
The wyvern is moderately wounded.
You block the wyvern's attack. The wyvern bites you.
You die...

.....................#..##
..|..............)..######
...<................#
...[..)...........###
#.......[..#.##
##......#.....#
#.!.###.....## #l$.#
##.#### #.@## ### ####


You could see a wyvern (unable to see you).

Vanquished Creatures
  A two-headed ogre (D:9)
  Maggie (D:8)
  A black mamba (Lair:2)
  2 cane toads (Lair:2)
  A rime drake (Lair:1)
  2 komodo dragons
  A tengu conjurer (D:10)
  3 trolls
  A polar bear (Lair:2)
  A meliai (Lair:2)
  A hornet (D:9)
  12 yaks
  4 wyverns
  2 basilisks (Lair:2)
  3 vampire mosquitoes (D:9)
  3 steam dragons
  The ghost of cheesebisquit the Chiller, an amateur MfIE (D:2)
  8 water moccasins
  4 sky beasts
  3 black bears
  An orc warrior (D:8)
  The ghost of Smoke131 the Trooper, an amateur MiFi (D:3)
  2 ogres
  The ghost of epsilonplus the Conjurer, an amateur DsRe (D:3)
  4 centaurs
  4 wolves (Lair:1)
  2 phantoms
  A kobold brigand (D:7)
  6 bullfrogs
  5 scorpions
  2 necrophages
  3 gnoll sergeants
  11 wights
  6 killer bees
  The ghost of teamwork the Charlatan, a weakling DsAr (D:3)
  4 howler monkeys
  2 centaur zombies (Ossuary)
  A gnoll bouda (D:6)
  2 jellies (D:6)
  A human zombie (Ossuary)
  5 orc priests
  Crazy Yiuf (D:2)
  2 hounds
  3 iguanas (D:6)
  11 orc wizards
  2 mummies (Ossuary)
  23 gnolls
  6 adders
  A shadow imp (D:6)
  A white imp (D:6)
  An adder zombie (Ossuary)
  A worm (D:2)
  A dart slug (D:2)
  52 orcs
  6 ball pythons
  6 bats
  8 endoplasms
  3 goblins
  6 hobgoblins
  2 jackals (D:2)
  2 quokkas
  2 frilled lizards (D:1)
  2 goblin zombies (Ossuary)
  12 hobgoblin zombies (Ossuary)
  3 jackal zombies (Ossuary)
  9 kobolds
  8 kobold zombies (Ossuary)
  7 orc zombies (Ossuary)
  2 rats
  A rat zombie (Ossuary)
304 creatures vanquished.

Vanquished Creatures (others)
  A sky beast (D:9)
  A wight (D:7)
  2 fungi
  15 plants
  2 withered plants (D:3)
21 creatures vanquished.

Grand Total: 325 creatures vanquished

Notes
Turn   | Place    | Note
-------+----------+-------------------------------------------
     0 | D:1      | Popcorn the Formicid Fighter began the quest for the Orb.
     0 | D:1      | Reached XP level 1. HP: 18/18 MP: 1/1
   227 | D:1      | Reached XP level 2. HP: 20/24 MP: 2/2
   431 | D:1      | Found a faded altar of an unknown god.
   803 | D:1      | Reached XP level 3. HP: 29/29 MP: 3/3
  1082 | D:2      | Found a runed translucent door.
  1083 | D:2      | Noticed Crazy Yiuf
  1173 | D:2      | Reached XP level 4. HP: 32/37 MP: 4/4
  1430 | D:2      | Reached skill level 4 in Fighting
  1480 | D:2      | Reached XP level 5. HP: 16/42 MP: 5/5
  1922 | D:3      | Found a runed translucent gate.
  1922 | D:3      | Found a runed translucent gate.
  1923 | D:3      | Found a runed translucent gate.
  1924 | D:3      | Noticed cheesebisquit's ghost (amateur MfIE)
  1924 | D:3      | Noticed epsilonplus's ghost (amateur DsRe)
  1924 | D:3      | Noticed Smoke131's ghost (amateur MiFi)
  1924 | D:3      | Noticed teamwork's ghost (weakling DsAr)
  2503 | D:3      | Found a white marble altar of Elyvilon.
  2863 | D:3      | Reached XP level 6. HP: 48/49 MP: 6/6
  3084 | D:4      | Noticed a black bear
  3103 | D:4      | Killed a black bear
  3647 | D:4      | Reached skill level 5 in Long Blades
  3647 | D:4      | Reached XP level 7. HP: 42/55 MP: 7/7
  3890 | D:4      | Reached skill level 5 in Fighting
  3890 | D:4      | Reached skill level 5 in Armour
  4423 | D:5      | Entered Level 5 of the Dungeon
  4423 | D:5      | Found Wuapus Ymop's Antique Armour Shop.
  4530 | D:5      | Identified the +5 ring mail "Lilepas" {rPois Str+5 Slay+3}
  4578 | D:5      | Bought a kite shield for 85 gold pieces
  4739 | D:5      | Found an opulent altar of Gozag.
  4747 | D:5      | Reached XP level 8. HP: 63/63 MP: 8/8
  4819 | D:5      | Found a broken altar of Ashenzari.
  5061 | D:6      | Reached skill level 5 in Shields
  5083 | D:6      | Found a sand-covered staircase.
  5157 | D:6      | Reached skill level 6 in Fighting
  5238 | Ossuary  | Entered an ossuary
  5788 | D:6      | Reached XP level 9. HP: 71/71 MP: 9/9
  6344 | D:6      | Reached skill level 7 in Fighting
  6367 | D:6      | Noticed a troll
  6371 | D:6      | Killed a troll
  6691 | D:2      | Killed Crazy Yiuf
  7214 | D:7      | Reached skill level 1 in Axes
  7223 | D:7      | Reached XP level 10. HP: 67/79 MP: 10/10
  7473 | D:7      | Found a staircase to the Ecumenical Temple.
  7506 | Temple   | Entered the Ecumenical Temple
  7711 | Temple   | Became a worshipper of Makhleb the Destroyer
  8106 | D:7      | Reached skill level 1 in Invocations
  8156 | D:7      | Reached skill level 8 in Fighting
  8897 | D:8      | Noticed foxglove's ghost (novice DsNe)
  8898 | D:8      | Noticed a two-headed ogre
  8914 | D:8      | Found a transporter.
  8924 | D:8      | Reached * piety under Makhleb
  8925 | D:8      | Found a transporter.
  8942 | D:8      | Noticed Maggie
  9280 | D:8      | Killed Maggie
  9281 | D:8      | Reached skill level 5 in Axes
  9355 | D:8      | Found an iron altar of Okawaru.
  9531 | D:9      | Found a transporter.
  9533 | D:9      | Noticed a brown very ugly thing
  9535 | D:9      | Noticed a centaur warrior
  9536 | D:9      | Noticed a green very ugly thing
  9583 | D:9      | Noticed a cyclops
  9585 | D:9      | Noticed a deep elf pyromancer
  9587 | D:9      | Noticed a gargoyle
  9591 | D:9      | Found a transporter.
  9669 | D:9      | Reached XP level 11. HP: 87/87 MP: 14/14
  9800 | D:9      | Found a staircase to the Lair.
  9819 | D:9      | Reached skill level 9 in Fighting
  9944 | D:9      | Noticed a two-headed ogre
 10078 | D:9      | Reached skill level 5 in Invocations
 10138 | D:9      | Found a hazy altar of Hepliaklqana.
 10675 | D:9      | Found a radiant altar of Vehumet.
 10712 | D:9      | Found a shadowy altar of Dithmenos.
 10972 | D:9      | Killed a two-headed ogre
 11072 | D:10     | Entered Level 10 of the Dungeon
 11087 | D:9      | Reached ** piety under Makhleb
 11530 | D:10     | Noticed Fannar
 11701 | Lair:1   | Entered Level 1 of the Lair of Beasts
 11797 | Lair:1   | Found an opulent altar of Gozag.
 12278 | Lair:1   | Reached skill level 10 in Fighting
 12887 | D:8      | You fall into a shaft and drop 1 floor!
 12908 | D:8      | You fall into a shaft and drop 1 floor!
 13134 | D:2      | Killed cheesebisquit's ghost
 13355 | D:3      | Killed Smoke131's ghost
 13413 | D:3      | Killed epsilonplus's ghost
 13477 | D:3      | Killed teamwork's ghost
 13755 | Lair:2   | Reached XP level 12. HP: 86/97 MP: 17/17
 14119 | Lair:2   | HP: 2/98 [meliai/divine providence (15)]
 14129 | Lair:2   | HP: 3/98 [cane toad (9)]
 14131 | Lair:2   | Slain by a wyvern

Illustrated notes

Levels and vault maps discovered:
D:1:      dpeg_arrival_rooms_a, layout_basic, nicolae_ecumenical_lake_church
D:2:      layout_rooms, minmay_heptomino_o4, uniq_crazy_yiuf_cottage
D:3:      layout_basic, nicolae_elyvilon_temple_path, gammafunk_ghost_cemetery,
          grunt_decor_fettered, kennysheep_generic_room_11
D:4:      layout_loops_corners
D:5:      layout_basic, cheibrodos_ashenzari_chains, nicolae_gozag_seed_capital,
          serial_shops, nicolae_stop_n_shop_2
D:6:      minmay_diamond_boxcup, layout_cave_pods,
          lightli_ossuary_entry_decrepit_ruins, serial_rivers,
          chequers_serial_rivers_room_a, chequers_serial_rivers_micro_b,
          chequers_serial_rivers_large_b, chequers_serial_rivers_small_3,
          chequers_serial_rivers_small_3
D:7:      layout_rooms, minmay_temple_entry_arrows, kennysheep_dice
D:8:      layout_cave_pools, kennysheep_okawaru_gauntlet, gammafunk_ghost_arena,
          uniq_maggie
D:9:      gammafunk_sealed_arena, layout_stronghold,
          mainiacjoe_overflow_24_doors, mainiacjoe_overflow_catch_the_wave,
          david_lair_shrubbed, hangedman_misty_isle
D:10:     nicolae_cairo_tiling_large_dashed, layout_stronghold,
          mainiacjoe_overflow_six_doors_small, uniq_fannar, uniq_urug,
          uniq_sonja
Temple:   compressed_dpeg_circular_temple
Lair:1:   layout_cellular_growth, basic_altar, grunt_megastairs_3
Lair:2:   layout_cave_shapes, hellmonk_spider_entry_not_the_bees,
          hibernation_bobbens, infiniplex_staircase_pool_2

Skill      XL: |  1  2  3  4  5  6  7  8  9 10 11 12 |
---------------+-------------------------------------+-----
Long Blades    | 3 4 5 6 7 8 |  8.0
Fighting       | 4 5 6 7 8 10 | 10.5
Armour         | 4 5 6 7 8 |  8.3
Shields        | 5 7 8 9 |  9.7
Axes           | 1 5 8 9 |  9.5
Invocations    | 4 7 |  7.7

Action                     |  1- 3 |  4- 6 |  7- 9 | 10-12 || total
---------------------------+-------+-------+-------+-------++-------
  Melee: Long sword        |    81 |   151 |   384 |       ||   616
         Battleaxe         |       |       |    13 |   392 ||   405
  Throw: Throwing net      |       |       |       |     1 ||     1
 Invoke: Minor Destruction |       |       |       |     1 ||     1
Ability: Dig               |     1 |     1 |       |     2 ||     4
         Shaft Self        |       |       |       |     2 ||     2
  Evoke: Wand              |       |    10 |     5 |    20 ||    35
         Tin of tremorston |       |       |       |     1 ||     1
    Use: Scroll            |     4 |     4 |     6 |    11 ||    25
         Potion            |       |       |       |     4 ||     4
   Stab: Paralysed         |       |       |     5 |       ||     5
 Armour: Scale mail        |    48 |    50 |    18 |       ||   116
         Ring mail         |       |       |   151 |   221 ||   372
  Dodge: Dodged            |    39 |    58 |   144 |   186 ||   427
  Block: Buckler           |    25 |    25 |    64 |       ||   114
         Kite shield       |       |       |   146 |   343 ||   489

Table legend: (Time is in decaauts)
 A = Elapsed time spent in this place.
 B = Non-inter-level travel time spent in this place.
 C = Inter-level travel time spent in this place.
 D = Time resting spent in this place.
 E = Time spent auto-exploring this place.
 F = Levels seen in this place.
 G = Mean time per level.
                   A        B        C        D        E       F      G
               +--------+--------+--------+--------+--------+-----+--------+
         Total |  14518 |  12986 |   1532 |   2098 |   7292 |  14 | 1037.0 |
       Dungeon |  12343 |  10872 |   1471 |   1979 |   6073 |  10 | 1234.3 |
        Temple |    216 |    205 |     11 |      0 |     44 |   1 |  216.0 |
          Lair |   1677 |   1627 |     50 |    119 |   1155 |   2 |  838.5 |
       Ossuary |    280 |    280 |      0 |      0 |     19 |   1 |  280.0 |
               +--------+--------+--------+--------+--------+-----+--------+

Top non-repeatable levels by time:
     D:9: 2061 daAuts
     D:4: 1540 daAuts
     D:3: 1530 daAuts
     D:7: 1513 daAuts
     D:6: 1494 daAuts
  Lair:1: 1190 daAuts
     D:2: 1096 daAuts
     D:8: 1046 daAuts
     D:1: 1017 daAuts
     D:5: 595 daAuts
  Lair:2: 486 daAuts
    D:10: 446 daAuts
 Ossuary: 280 daAuts
  Temple: 216 daAuts
